 Dungeon Sprint DCSS version 0.31.0-12-g77e489cdc1 (webtiles) character file.

Game seed: 16351748275036302499

2795 Groucho the Covert (level 9, 0/53 HPs)
             Began as a Felid Shapeshifter on Feb 25, 2024.
             Was the Champion of Uskayaw.
             Slain by a polar bear (1 damage)
             ... in the Dungeon (Sprint IX: "|||||||||||||||||||||||||||||").
             The game lasted 00:02:55 (953 turns).

Groucho the Covert (Felid Shapeshifter)              Turns: 953, Time: 00:02:56

Health: 0/53       AC:  2    Str: 13    XL:     9   Next: 43%
Magic:  16/16      EV: 26    Int: 18    God:    Uskayaw [******]
Gold:   5          SH:  0    Dex: 19    Spells: 8/8 levels left
                                        Lives:  0   Deaths: 3

rFire   . .          .
                       - Unarmed
rCold   . . .        (shield unavailable)
rNeg    . . .        (body armour unavailable)
rPois   .            (helmet unavailable)
rElec   .            (cloak unavailable)
rCorr   .            (gloves unavailable)
SInv    +            (boots unavailable)
Will    +....        (no amulet)
Stlth   +++++        k - +3 ring of strength
HPRegen 0.28/turn    l - +3 ring of intelligence
MPRegen 0.15/turn

%: no teleportation
@: beast-form
A: beast (slay +4), very small, claws 1, fangs 3, see invisible, shaggy fur 2,
stealthy paws, no weapons or thrown items, no armour, multi-lived
a: Begin Untransformation, Renounce Religion, Stomp, Line Pass, Grand Finale


You were in the Dungeon.
You worshipped Uskayaw.
Uskayaw was aware of your devotion.
You were a hulking beast.
You visited 1 branch You collected 5 gold pieces.

Inventory:

Jewellery
 k - a +3 ring of strength (left paw)
 l - a +3 ring of intelligence (right paw)
Talismans
 b - a beast talisman
 c - a flux talisman
Wands
 j - a wand of acid (10)
Scrolls
 h - 2 scrolls of amnesia
 i - 4 scrolls of blinking
 o - a scroll of butterflies
 p - a scroll of fear
Potions
 a - a potion of lignification
 d - 3 potions of curing
 e - a potion of invisibility
 f - 4 potions of heal wounds
 g - 4 potions of magic
 m - a potion of mutation
 n - 2 potions of brilliance


   Skills:
 + Level 9.2 Fighting
 + Level 12.1 Dodging
 + Level 12.8 Stealth
 + Level 9.7 Unarmed Combat
 + Level 8.9 Invocations
 + Level 8.0 Shapeshifting


You had 8 spell levels left.
You didn't know any spells.
Your spell library was empty.

Dungeon Overview and Level Annotations

Branches:
Dungeon (1/1)

Altars:
Cheibriados
Dithmenos
Elyvilon
Fedhas
Gozag
Hepliaklqana
Kikubaaqudgha
Makhleb
Nemelex Xobeh
Okawaru
Qazlal
Ru
Sif Muna
Trog
Uskayaw
Vehumet
Wu Jian
Xom
Yredelemnul
Zin
The Shining One
Jiyva
Lugonu

Shops:
D :


Innate Abilities, Weirdness & Mutations

You are a hulking beast.
Your limbs bulge with bestial killing power. (Slay +4)
You have sharp claws.
You have razor-sharp teeth.
You have supernaturally acute eyesight. (SInv)
You are covered in thick fur. (AC +2)
Your paws help you pounce on unaware monsters.
You are incapable of wielding weapons or throwing items.
You cannot wear armour.
You gain extra lives every three experience levels.


Message History

You kill the wolf!
Unknown command.
You barely miss the polar bear.
The polar bear is moderately wounded.
The polar bear completely misses you. The polar bear barely misses you.
The polar bear misses you.
Unknown command.
You claw the polar bear!
The polar bear is heavily wounded.
The polar bear bites you!
* * * LOW HITPOINT WARNING * * *
The polar bear claws you.
* * * LOW HITPOINT WARNING * * *
The polar bear completely misses you.
You claw the polar bear! You bite the polar bear.
The polar bear is almost dead.
Unknown command.
You closely miss the polar bear. Your bite misses the polar bear.
The polar bear is almost dead.
The polar bear goes berserk!
Unknown command.
Unknown command.
You barely miss the polar bear.
The polar bear is almost dead.
The polar bear bites you.
* * * LOW HITPOINT WARNING * * *
The polar bear completely misses you. The polar bear misses you. x4
Unknown command.
You scratch the polar bear but do no damage.
The polar bear is almost dead.
The polar bear completely misses you. The polar bear misses you.
The polar bear barely misses you.
Unknown command.
You scratch the polar bear but do no damage.
You claw the polar bear, but do no damage.
The polar bear is almost dead.
The polar bear completely misses you. The polar bear claws you.
* * * LOW HITPOINT WARNING * * *
The polar bear claws you.
You die...

▓.▓_▓
▓+▓.▓_▓
▓.▓.▓_▓
▓.▓.▓_▓
▓.▓.▓_▓
▓.▓.▓_▓
▓l▓.▓_▓
▓h▓.▓_▓
▓h▓.▓_▓
▓.▓.▓_▓
▓†▓.▓_▓
▓'▓.▓_▓
▓?▓.▓_▓
▓.▓.▓_▓
▓.▓.▓_▓
▓.▓.▓_▓
▓?▓.▓'▓


You could see a polar bear (berserk) and a basilisk.

Vanquished Creatures
  A hydra (D)
  An elephant (D)
  A cane toad (D)
  A komodo dragon (D)
  A blink frog (D)
  2 slime creatures (D)
  A yak (D)
  An ogre (D)
  2 wolves (D)
  A centaur (D)
  A bullfrog (D)
  A scorpion (D)
  A wight (D)
  2 killer bees (D)
  A howler monkey (D)
  2 jellies (D)
  An orc wizard (D)
  An orc (D)
  A ball python (D)
  An endoplasm (D)
  A hobgoblin (D)
  2 rats (D)
27 creatures vanquished.

Notes
Turn   | Place    | Note
-------+----------+-------------------------------------------
     0 | D        | Groucho the Felid Shapeshifter began the quest for the Orb.
     0 | D        | Reached XP level 1. HP: 10/10 MP: 2/2
     8 | D        | Reached skill level 1 in Stealth
    12 | D        | Reached skill level 1 in Invocations
   122 | D        | Noticed an ogre
   122 | D        | Noticed a jelly
   122 | D        | Noticed a jelly
   122 | D        | Noticed a scorpion
   132 | D        | Killed a scorpion
   133 | D        | Reached XP level 2. HP: 16/16 MP: 3/5
   133 | D        | Reached XP level 3. HP: 20/20 MP: 3/6
   135 | D        | Reached skill level 5 in Dodging
   135 | D        | Reached XP level 4. HP: 24/24 MP: 3/7
   135 | D        | Gained a life (2 lives remaining)
   139 | D        | Reached skill level 5 in Stealth
   141 | D        | Killed an ogre
   142 | D        | Reached skill level 5 in Unarmed Combat
   142 | D        | Reached XP level 5. HP: 30/30 MP: 3/9
   400 | D        | Found a snail-covered altar of Cheibriados.
   400 | D        | Found a shadowy altar of Dithmenos.
   400 | D        | Found a white marble altar of Elyvilon.
   400 | D        | Found a blossoming altar of Fedhas.
   400 | D        | Found an opulent altar of Gozag.
   401 | D        | Found a hazy altar of Hepliaklqana.
   402 | D        | Found a viscous altar of Jiyva.
   403 | D        | Found an ancient bone altar of Kikubaaqudgha.
   404 | D        | Found a corrupted altar of Lugonu.
   405 | D        | Found a burning altar of Makhleb.
   406 | D        | Found a sparkling altar of Nemelex Xobeh.
   407 | D        | Found an iron altar of Okawaru.
   408 | D        | Found a stormy altar of Qazlal.
   409 | D        | Found a sacrificial altar of Ru.
   410 | D        | Found a shimmering blue altar of Sif Muna.
   411 | D        | Found a bloodstained altar of Trog.
   412 | D        | Found a hide-covered altar of Uskayaw.
   413 | D        | Found a radiant altar of Vehumet.
   414 | D        | Found an ornate altar of the Wu Jian Council.
   415 | D        | Found a shimmering altar of Xom.
   416 | D        | Found a basalt altar of Yredelemnul.
   417 | D        | Found a glowing silver altar of Zin.
   418 | D        | Found a glowing golden altar of the Shining One.
   420 | D        | Became a worshipper of Uskayaw the Reveller
   445 | D        | Noticed a centaur
   445 | D        | Noticed a yak
   446 | D        | Reached * piety under Uskayaw
   447 | D        | Reached skill level 5 in Fighting
   449 | D        | Reached ** piety under Uskayaw
   454 | D        | Killed a centaur
   455 | D        | Reached skill level 5 in Invocations
   455 | D        | Reached skill level 5 in Shapeshifting
   455 | D        | Gained mutation: You are covered in thick fur. (AC +2)
                  | [Felid growth]
   455 | D        | Reached XP level 6. HP: 35/35 MP: 5/10
   461 | D        | Killed a yak
   462 | D        | Reached *** piety under Uskayaw
   464 | D        | Reached XP level 7. HP: 37/40 MP: 2/12
   466 | D        | Reached **** piety under Uskayaw
   479 | D        | Noticed a rakshasa
   479 | D        | Noticed a slime creature
   479 | D        | Noticed a two-headed ogre
   479 | D        | Noticed a slime creature
   479 | D        | Noticed a cyclops
   485 | D        | Reached ***** piety under Uskayaw
   488 | D        | Killed a slime creature
   495 | D        | Killed a slime creature
   496 | D        | Reached skill level 10 in Stealth
   498 | D        | Killed from afar by a rakshasa
   498 | D        | Lost a life (1 life remaining)
   501 | D        | Found Yffoept's Book Shop.
   501 | D        | Noticed an orc knight
   501 | D        | Noticed an orc knight
   501 | D        | Noticed an orc high priest
   501 | D        | Noticed an orc high priest
   501 | D        | Noticed an orc high priest
   502 | D        | Noticed an orc high priest
   504 | D        | Noticed an orc high priest
   506 | D        | Mangled by an orc knight
   506 | D        | Lost a life (0 lives remaining)
   515 | D        | Noticed an elephant
   515 | D        | Noticed an elephant
   516 | D        | Noticed a dire elephant
   517 | D        | Noticed an elephant
   518 | D        | Noticed an elephant
   525 | D        | Killed an elephant
   526 | D        | Reached skill level 10 in Dodging
   526 | D        | Reached XP level 8. HP: 13/46 MP: 14/14
   526 | D        | Gained a life (1 life remaining)
   805 | D        | Noticed an elephant
   806 | D        | Noticed an elephant
   812 | D        | Annihilated by a dire elephant
   812 | D        | Lost a life (0 lives remaining)
   924 | D        | Noticed a blink frog
   924 | D        | Noticed a komodo dragon
   924 | D        | Noticed a cane toad
   925 | D        | Noticed a six-headed hydra
   926 | D        | Killed a cane toad
   927 | D        | Noticed a polar bear
   928 | D        | Killed a komodo dragon
   930 | D        | Killed a blink frog
   931 | D        | Reached XP level 9. HP: 52/52 MP: 14/16
   942 | D        | Killed a six-headed hydra
   942 | D        | Reached ****** piety under Uskayaw
   953 | D        | HP: 1/53 [polar bear (4)]
   953 | D        | Slain by a polar bear

Illustrated notes

Levels and vault maps discovered:
D:        linesprint [early_d, line_temple, items_1, d_10, items_2, lair_1,
          lair_end, items_3, orc_1, orc_end, items_4, d_15, swamp_1, shoals_1,
          snake_1, spider_1, d_20, vaults_1, items_5, swamp_end, shoals_end,
          snake_end, spider_end, vaults_end, d_27, items_6, zot_1, zot_end,
          crypt_end, forest_end, elf_end, slime_end, tomb_end, abyss_end,
          pan_hell_end]

Skill      XL: |  1  2  3  4  5  6  7  8  9 |
---------------+----------------------------+-----
Dodging        | 4 5 6 7 8 10 11 12 | 12.1
Stealth        | 4 6 7 8 10 11 12 | 12.8
Invocations    | 2 3 4 5 7 8 |  8.9
Shapeshifting  | 3 4 5 6 7 8 |  8.0
Fighting       | 3 4 5 6 7 8 9 |  9.2
Unarmed Combat | 4 5 6 8 9 |  9.7

Action                     |  1- 3 |  4- 6 |  7- 9 || total
---------------------------+-------+-------+-------++-------
  Melee: Unarmed           |    15 |    18 |    57 ||    90
         Bite              |       |     1 |     7 ||     8
         Punch             |       |       |     4 ||     4
 Invoke: Line Pass         |       |     2 |     1 ||     3
    Use: Potion            |     3 |     1 |     4 ||     8
   Stab: Distracted        |       |     1 |       ||     1
         Paralysed         |       |     1 |     1 ||     2
         Sleeping          |       |       |     3 ||     3
         Invisible         |       |       |     1 ||     1
 Armour: Skin              |     3 |     3 |    26 ||    32
  Dodge: Dodged            |     5 |    15 |    58 ||    78
